 Dungeon Crawl Stone Soup version 0.30-a0-1123-gabc949cf19 (webtiles) character file.

Game seed: 17173894369709519798

186 BlueFish the Sneak (level 5, 0/34 HPs)
             Began as an Octopode Artificer on Apr 23, 2023.
             Slain by a sky beast (5 damage)
             ... on level 4 of the Dungeon.
             The game lasted 00:07:19 (2782 turns).

BlueFish the Sneak (Octopode Artificer)             Turns: 2782, Time: 00:07:20

Health: 0/34       AC:  1    Str: 26    XL:     5   Next: 66%
Magic:  5/5        EV: 13    Int: 13    God:
Gold:   133        SH:  0    Dex: 12    Spells: 4/4 levels left

rFire   . . .        a - +0 whip
rCold   . . .        (no shield)
rNeg    . . .        (helmet restricted)
rPois   +            w - amulet of regeneration
rElec   .            e - ring of poison resistance
rCorr   .            r - +6 ring of strength
SInv    .            v - +6 ring of strength
Will    .....        (no ring)
Stlth   ++++         (no ring)
HPRegen 1.05/turn    (no ring)
MPRegen 0.09/turn    (no ring)
                     (no ring)

%: no passive effects
@: no status effects
A: almost no armour, amphibious, 8 rings, camouflage 1, gelatinous body 1,
(nimble swimmer 1), tentacles
a: no special abilities


You were on level 4 of the Dungeon.
You visited 1 branch of the dungeon, and saw 4 of its levels.

You collected 133 gold pieces.

Inventory:

Hand Weapons
 a - a +0 whip (weapon)
 b - a +0 sling
 f - a +0 club
Missiles
 j - 28 stones (quivered)
 q - 10 poisoned darts
 y - a boomerang of dispersal
 z - 5 silver javelins
 D - 5 javelins
Jewellery
 e - a ring of poison resistance (left tentacle)
 r - a +6 ring of strength (right tentacle)
 v - a +6 ring of strength (on tentacle)
 w - an amulet of regeneration (around mantle)
Wands
 c - a wand of charming (15)
 d - a wand of iceblast (5)
 l - a wand of flame (37)
Scrolls
 g - 3 scrolls of blinking {unknown}
 k - a scroll of enchant weapon {unknown}
 n - a scroll of vulnerability {unknown}
 o - 2 scrolls of poison {unknown}
 p - a scroll of teleportation {unknown}
 t - 2 scrolls of identify {unknown}
 u - a scroll of fear {unknown}
 x - a scroll of noise {unknown}
 B - a scroll of amnesia {unknown}
Potions
 h - a potion of ambrosia {unknown}
 i - a potion of cancellation {unknown}
 m - a potion of curing {unknown}
 s - a potion of invisibility {unknown}
 A - a potion of attraction {unknown}
 C - a potion of might {unknown}
 E - a potion of berserk rage {unknown}


   Skills:
 + Level 2.1 Fighting
 + Level 2.0 Maces & Flails
 + Level 3.1 Dodging
 * Level 4.3 Stealth
 + Level 4.2 Evocations


You had 4 spell levels left.
You didn't know any spells.
Your spell library contained the following spells:

 Spells                   Type           Power      Damage    Failure   Level
 Call Canine Familiar     Summ           0%         N/A       67%         3
 Portal Projectile        Hex/Tloc       0%         N/A       67%         3
 Leda's Liquefaction      Hex/Erth       0%         N/A       97%         4


Dungeon Overview and Level Annotations

Branches:
Dungeon (4/15)
 Temple: D:4-7

Altars:
Wu Jian

Annotations:
D:4 exclusion: kobold brigand


Innate Abilities, Weirdness & Mutations

You cannot wear most types of armour.
You are amphibious.
You can wear up to eight rings at the same time.
Your skin changes colour to match your surroundings (Stealth+).
Your rubbery body absorbs attacks. (AC +1, EV +1)
((You are camouflaged when in or above water. (Stealth+)))
You have tentacles for arms and can constrict up to eight enemies at once.


Message History

There is a stone staircase leading down here.
You climb downwards.
There is a stone staircase leading up here.
You open the door.
A kobold brigand comes into view.
It is wielding a +0 whip and quivering poisoned darts.
Press: ? - help, v - describe, . - travel
Here: a kobold brigand, wielding a +0 whip and quivering poisoned darts (asleep)
The floor.
Placed new exclusion.
Okay, then.
You close the door.
There is a stone staircase leading up here.
You climb upwards.
There is a stone staircase leading down here.
There is an open door here.
There is a stone staircase leading down here.
You climb downwards.
Level annotation: exclusion: kobold brigand
There is a stone staircase leading up here.
A kobold comes into view. It is wielding a +0 dagger.
Found 9 gold pieces.
The kobold shouts!
A sky beast comes into view.
The sky beast attacks as you move away! The sky beast hits you.
The sky beast shocks you.
a - a +0 whip (weapon)
The sky beast flickers out of sight!
Deactivating autopickup; reactivate with Ctrl-A.
Something hits you. Something shocks you.
You hit something but do no damage. Your squeeze misses something.
Something hits you. Something shocks you.
The kobold throws a stone.
The stone misses you.
Okay, then.
Okay, then.
You hit something. Something hits you. Something shocks you.
* * * LOW HITPOINT WARNING * * *
You miss something. Your squeeze misses something. Something hits you.
* * * LOW HITPOINT WARNING * * *
Something shocks you.
You die...

.#...#
....# ...
###.#######
#..........
#.#.######.
# #K# #{#
#@#####
#....<#
#######


You could see a kobold.

Vanquished Creatures
  Crazy Yiuf (D:2)
  Jessica (D:2)
  6 adders
  A worm (D:3)
  2 dart slugs (D:1)
  An orc (D:3)
  5 endoplasms
  3 giant cockroaches
  5 goblins
  7 hobgoblins
  12 jackals
  4 quokkas
  3 ball pythons (D:1)
  8 bats
  4 kobolds
  2 rats
65 creatures vanquished.

Notes
Turn   | Place    | Note
-------+----------+-------------------------------------------
     0 | D:1      | BlueFish the Octopode Artificer began the quest for the
                  | Orb.
     0 | D:1      | Reached XP level 1. HP: 13/13 MP: 1/1
    69 | D:1      | Reached XP level 2. HP: 8/18 MP: 2/2
   355 | D:1      | Reached XP level 3. HP: 21/23 MP: 3/3
   482 | D:1      | Reached skill level 1 in Maces & Flails
  1077 | D:2      | Noticed Jessica
  1094 | D:2      | Reached XP level 4. HP: 28/28 MP: 4/4
  1104 | D:2      | Killed Jessica
  1464 | D:2      | Found a runed translucent door.
  1470 | D:2      | Noticed Crazy Yiuf
  1737 | D:2      | Killed Crazy Yiuf
  1738 | D:2      | Reached XP level 5. HP: 25/34 MP: 5/5
  2593 | D:3      | Found an ornate altar of the Wu Jian Council.
  2729 | D:4      | Noticed a kobold brigand
  2774 | D:4      | Noticed a sky beast
  2782 | D:4      | Slain by a sky beast

Illustrated notes

Levels and vault maps discovered:
D:1:      minmay_arrival_radiant_lines, layout_loops_cross, corexii_corridor_pit
D:2:      layout_rooms, serial_corexii_hall, corexii_hall_statues_t,
          corexii_hall_statues_i, minmay_door_square, minmay_fractal_squares_5,
          uniq_crazy_yiuf_cottage, uniq_jessica
D:3:      layout_basic, nicolae_wu_jian_immortal_techniques,
          hangedman_feature_mirror, nicolae_figureground_sparkle
D:4:      layout_basic, nicolae_yredelemnul_ghost_church, serial_shops, shop,
          guppyfry_shop_venom

Skill      XL: |  1  2  3  4  5 |
---------------+----------------+-----
Stealth        | 2 3 4 |  4.3
Maces & Flails | 1 2 |  2.0
Fighting       | 2 |  2.1
Dodging        | 3 |  3.1
Evocations     | 4 |  4.2

Action                     |  1- 3 |  4- 6 || total
---------------------------+-------+-------++-------
  Melee: Club              |     6 |       ||     6
         Whip              |    54 |    60 ||   114
         Constrict         |    21 |    15 ||    36
         Tentacles         |    13 |     7 ||    20
         Punch             |     2 |       ||     2
   Fire: Sling             |    42 |    68 ||   110
 Armour: Skin              |     7 |     6 ||    13
  Dodge: Dodged            |    56 |    41 ||    97

Table legend: (Time is in decaauts)
 A = Elapsed time spent in this place.
 B = Non-inter-level travel time spent in this place.
 C = Inter-level travel time spent in this place.
 D = Time resting spent in this place.
 E = Time spent auto-exploring this place.
 F = Levels seen in this place.
 G = Mean time per level.
                   A        B        C        D        E       F      G
               +--------+--------+--------+--------+--------+-----+--------+
         Total |   2799 |   2628 |    171 |      0 |   2053 |   4 |  699.8 |
       Dungeon |   2799 |   2628 |    171 |      0 |   2053 |   4 |  699.8 |
               +--------+--------+--------+--------+--------+-----+--------+

Top non-repeatable levels by time:
     D:3: 958 daAuts
     D:1: 918 daAuts
     D:2: 889 daAuts
     D:4: 33 daAuts
